 Dungeon Crawl Stone Soup version 0.24.0-41-g2ae2f7f1be (webtiles) character file.

Game seed: 10590941611078901862, levelgen mode: deterministic

478 Curus the Basher (level 6, -2/76 HPs)
             Began as a Minotaur Berserker on Dec 11, 2019.
             Was a Priest of Trog.
             Slain by a killer bee (6 damage)
             ... on level 4 of the Dungeon.
             The game lasted 00:09:03 (2597 turns).

Curus the Basher (Minotaur Berserker)               Turns: 2597, Time: 00:09:04

Health: -2/76      AC:  8    Str: 26    XL:     6   Next: 85%
Magic:  5/5        EV:  9    Int:  6    God:    Trog [***...]
Gold:   103        SH:  0    Dex: 10    Spells: 5/5 levels left

rFire    + . .     SeeInvis .   m - +0 flail
rCold    . . .     Gourm    .   (no shield)
rNeg     + . .     Faith    .   l - +0 chain mail
rPois    .         Spirit   .   (helmet restricted)
rElec    .         Reflect  .   (no cloak)
rCorr    .         Harm     .   (no gloves)
MR       ++...                  (no boots)
Stlth    ..........             (no amulet)
HPRegen  1.22/turn              q - ring of protection from fire
MPRegen  0.09/turn              j - ring of positive energy

@: berserking, lethally poisoned (-2 -> -3), regenerating, very quick
A: retaliatory headbutt, horns 2
a: Berserk, Trog's Hand, Renounce Religion


You were on level 4 of the Dungeon.
You worshipped Trog.
Trog was most pleased with you.
You were not hungry.

You visited 1 branch of the dungeon, and saw 4 of its levels.

You collected 103 gold pieces.

Inventory:

Hand Weapons
 a - a +1 mace
 m - a +0 flail (weapon)
Armour
 b - a +0 animal skin
 d - a +0 leather armour
 g - a +1 ring mail
 k - a +3 ring mail
 l - a +0 chain mail (worn)
Jewellery
 i - a +4 ring of strength
 j - a ring of positive energy (right hand)
 q - a ring of protection from fire (left hand)
 r - an uncursed ring of resist corrosion
Wands
 p - a wand of iceblast (10)
Scrolls
 e - 2 scrolls of remove curse
 f - a scroll of magic mapping
 n - 3 scrolls of identify
 s - a scroll of teleportation
Potions
 h - a potion of heal wounds
 o - a potion of lignification
Comestibles
 c - 4 rations


   Skills:
 - Level 3.6 Fighting
 + Level 9.4 Maces & Flails
 - Level 2.4 Armour
 - Level 2.1 Dodging


You had 5 spell levels left.
You didn't know any spells.
Your spell library was empty.

Dungeon Overview and Level Annotations

Branches:
Dungeon (4/15)
 Temple: D:4-7

Altars:
Elyvilon
Gozag
Nemelex Xobeh
Sif Muna
Wu Jian

Shops:
D:2 *


Innate Abilities, Weirdness & Mutations

You reflexively headbutt those who attack you in melee.
You have a pair of horns on your head.


Message History

You headbutt the killer bee. The killer bee stings you.
* * * LOW HITPOINT WARNING * * *
The orc wizard gestures wildly while chanting.
The orc wizard flickers and vanishes!
Deactivating autopickup; reactivate with Ctrl-A.
A red film seems to cover your vision as you go berserk!
You feel yourself moving faster!
You feel mighty!
You feel a lot more hungry.
You feel sick. The killer bee stings you.
* * * LOW HITPOINT WARNING * * *
The killer bee stings you!
* * * LOW HITPOINT WARNING * * *
You miss the killer bee.
The killer bee buzzes angrily.
You headbutt the killer bee!
You kill the killer bee!
Trog accepts your kill.
You feel sick.
You hear a shout! x2
You miss the killer bee. The killer bee stings you.
You die...

### ..# #.#
### #.# #..
#.# .#... #.#
..... #.#
..y... #@#
...y..##y####
#..)yo#..
#..y.o#.######
#..y..#.[....#
+.....†<.....#
#.....#.######
..$......>..
.###.##.#####


You could see 4 killer bees and 2 orcs.

Vanquished Creatures
  Sigmund (D:2)
  2 killer bees (D:4)
  A worker ant (D:4)
  12 adders
  A worm (D:2)
  5 dart slugs
  8 orcs
  A ball python (D:2)
  8 bats
  4 giant cockroaches
  10 goblins
  11 hobgoblins
  10 jackals
  3 quokkas
  5 frilled lizards
  7 kobolds
  8 rats
97 creatures vanquished.

Notes
Turn   | Place    | Note
-------+----------+-------------------------------------------
     0 | D:1      | Curus the Minotaur Berserker began the quest for the Orb.
     0 | D:1      | Reached XP level 1. HP: 19/19 MP: 0/0
   151 | D:1      | Reached skill level 4 in Maces & Flails
   207 | D:1      | Reached XP level 2. HP: 26/26 MP: 1/1
   807 | D:2      | Reached skill level 5 in Maces & Flails
   807 | D:2      | Reached XP level 3. HP: 31/31 MP: 2/2
   835 | D:2      | Reached ** piety under Trog
   972 | D:2      | Found an opulent altar of Gozag.
   976 | D:2      | Found Gozag's Platinum Reserve.
  1005 | D:2      | Noticed Sigmund
  1017 | D:2      | Killed Sigmund
  1017 | D:2      | Reached skill level 7 in Maces & Flails
  1017 | D:2      | Reached XP level 4. HP: 39/39 MP: 3/3
  1017 | D:2      | Reached XP level 5. HP: 45/45 MP: 4/4
  1051 | D:2      | Found a shimmering blue altar of Sif Muna.
  1235 | D:2      | Reached skill level 8 in Maces & Flails
  1361 | D:2      | Reached XP level 6. HP: 42/51 MP: 5/5
  1416 | D:2      | Reached *** piety under Trog
  1737 | D:3      | Found an ornate altar of the Wu Jian Council.
  1881 | D:3      | Found a sparkling altar of Nemelex Xobeh.
  2073 | D:3      | Found a white marble altar of Elyvilon.
  2590 | D:4      | Reached skill level 9 in Maces & Flails
  2596 | D:4      | HP: 3/76 [poisoned by a killer bee]
  2597 | D:4      | Slain by a killer bee

Levels and vault maps discovered:
D:1:      lightli_arrival_farm, layout_loops_ring, serial_bayou_pond_d
D:2:      layout_basic, nicolae_gozag_zags_fifth_avenue, led_sif_pool,
          minmay_hexomino_f4, uniq_sigmund
D:3:      layout_basic, overflow_temple_1_default, elyvilon_altar_3,
          nemelex_altar_shiori, grunt_decor_clamped
D:4:      layout_basic, kennysheep_little_box, lemuel_coloured_pillars_altar,
          hellmonk_ghost_happy_afterlife, st_stairs_5

Skill      XL: |  1  2  3  4  5  6 |
---------------+-------------------+-----
Maces & Flails | 4 5 7 8 9 |  9.4
Fighting       | |  3.6
Armour         | |  2.4
Dodging        | |  2.1

Action                   |  1- 3 |  4- 6 || total
-------------------------+-------+-------++-------
Melee: Mace              |    71 |    69 ||   140
       Headbutt          |     7 |    21 ||    28
       Flail             |       |    83 ||    83
Invok: Berserk           |     1 |     1 ||     2
       Trog's Hand       |       |     1 ||     1
  Use: Scroll            |     4 |     3 ||     7
       Potion            |     1 |     3 ||     4
  Eat: Chunk             |       |     5 ||     5
       Ration            |       |     1 ||     1
Armor: Animal skin       |     1 |       ||     1
       Ring mail         |    25 |       ||    25
       Chain mail        |       |    77 ||    77
Dodge: Dodged            |    43 |    64 ||   107
